 Dungeon Crawl Stone Soup version 0.30-a0-793-g160f7cfddd (webtiles) character file.

Game seed: 10919013152554469513

83 cheesebisquit the Chopper (level 4, -4/41 HPs)
             Began as a Hill Orc Monk on Feb 19, 2023.
             Splashed by a jelly's acid (8 damage)
             ... on level 3 of the Dungeon.
             The game lasted 00:07:16 (2037 turns).

cheesebisquit the Chopper (Hill Orc Monk)           Turns: 2037, Time: 00:07:17

Health: -4/41      AC: -8    Str: 15    XL:     4   Next: 44%
Magic:  4/4        EV: 10    Int: 10    God:
Gold:   99         SH:  0    Dex: 13    Spells: 3/3 levels left

rFire   . . .      SeeInvis .    a - +0 hand axe
rCold   . . .      Faith    .    g - orb {light}
rNeg    . . .      Spirit   .    d - +0 scale mail
rPois   +          Reflect  .    (no helmet)
rElec   .          Harm     .    s - +0 cloak
rCorr   .          Rampage  .    (no gloves)
Will    .....                    (no boots) Stlth
                                 (no amulet)
HPRegen 0.26/turn                t - ring of poison resistance
MPRegen 0.09/turn                (no ring)

@: corroded, glowing
A: no striking features
a: no special abilities


You were on level 3 of the Dungeon.
You visited 1 branch of the dungeon, and saw 3 of its levels.

You collected 176 gold pieces.
You spent 77 gold pieces at shops.

Inventory:

Hand Weapons
 a - a +0 hand axe (weapon)
Missiles
 e - 60 stones (quivered)
 i - 6 atropa-tipped darts
Armour
 b - a +0 robe
 d - a +0 scale mail (worn)
 g - an orb of light (worn)
 s - a +0 cloak (worn)
Jewellery
 t - a ring of poison resistance (left hand)
Scrolls
 f - a scroll of blinking
 h - a scroll of enchant armour
 k - 2 scrolls of immolation
 l - a scroll of brand weapon
 m - a scroll of fog {unknown}
 n - a scroll of vulnerability {unknown}
 o - a scroll of teleportation
 p - a scroll of poison {unknown}
Potions
 c - a potion of ambrosia
 j - a potion of heal wounds
 q - 2 potions of might
 r - a potion of attraction
 u - a potion of cancellation {unknown}


   Skills:
 + Level 4.3 Fighting
 * Level 5.6 Axes
 + Level 1.9 Armour
 - Level 2.4 Dodging
 - Level 1.5 Stealth


You had 3 spell levels left.
You didn't know any spells.
Your spell library was empty.

Dungeon Overview and Level Annotations

Branches:
Dungeon (3/15)

Altars:

Shops:
D:2 ?


Message History

You can access your shopping list by pressing '$'.
You now have 86 gold pieces (gained 14).
Found a stone staircase leading down.
A ball python comes into view.
The ball python hisses angrily.
You hit the ball python.
You kill the ball python!
v - a scroll of identify
As you read the scroll of identify, it crumbles to dust.
r - a potion of attraction You now have enough gold to buy 2 scrolls of amnesia on D:2.
You can access your shopping list by pressing '$'.
You now have 99 gold pieces (gained 13).
You see here a ball python corpse.
You see here a frilled lizard corpse.
A jelly comes into view.
The jelly barely misses you.
You hit the jelly.
Your hands burn!
The jelly is lightly wounded.
The jelly misses you.
You hit the jelly. The acid corrodes you!
Your hands burn!
The jelly is lightly wounded.
The jelly hits you. The acid corrodes you!
You are splashed with acid.
You completely miss the jelly.
The jelly is lightly wounded.
The jelly hits you.
You are splashed with acid.
You hit the jelly. The acid corrodes you!
Your hands burn!
The jelly is heavily wounded.
The jelly barely misses you.
You hit the jelly but do no damage. The acid corrodes you!
Your hands burn!
* * * LOW HITPOINT WARNING * * *
The jelly is heavily wounded.
The jelly closely misses you.
You hit the jelly but do no damage. The acid corrodes you!
Your hands burn!
* * * LOW HITPOINT WARNING * * *
The jelly is heavily wounded.
The jelly hits you.
* * * LOW HITPOINT WARNING * * *
You are splashed with acid!
You die...

############
#..#.#.#.#.#
#.#.#.#.#@#
#..###.###J#
#.#.#.#.#
#.#
#..#.#.#.#
#.#
#.########
## #.# #.#
####### ###
#.####
##.....###.#
#....####
#.......##..


You could see a jelly.

Vanquished Creatures
  2 adders (D:2)
  A dart slug (D:1)
  A bat (D:1)
  6 endoplasms
  3 giant cockroaches
  4 goblins
  5 hobgoblins
  10 jackals
  8 ball pythons
  3 frilled lizards
  9 kobolds
  5 rats
57 creatures vanquished.

Notes
Turn   | Place    | Note
-------+----------+-------------------------------------------
     0 | D:1      | cheesebisquit the Hill Orc Monk began the quest for the
                  | Orb.
     0 | D:1      | Reached XP level 1. HP: 19/19 MP: 1/1
   183 | D:1      | Reached XP level 2. HP: 22/27 MP: 2/2
   326 | D:1      | Reached skill level 1 in Armour
   430 | D:1      | Found a faded altar of an unknown god.
   582 | D:1      | Reached XP level 3. HP: 33/33 MP: 3/3
  1158 | D:2      | Reached skill level 5 in Axes
  1349 | D:2      | Found Usoyrues's Magic Scroll Emporium.
  1352 | D:2      | Bought a scroll of teleportation for 33 gold pieces
  1352 | D:2      | Bought a scroll of identify for 22 gold pieces
  1352 | D:2      | Bought a scroll of identify for 22 gold pieces
  1409 | D:2      | Reached XP level 4. HP: 26/40 MP: 4/4
  2037 | D:3      | Splashed by a jelly's acid

Illustrated notes

Levels and vault maps discovered:
D:1:      dpeg_arrival_connections, layout_basic,
          dilly_ecumenical_altar_fadedgnrine
D:2:      layout_basic, serial_shops, nicolae_shop_crystal
D:3:      layout_rooms, roderic_roman_lattice

Skill      XL: |  1  2  3 |
---------------+----------+-----
Armour         | 1 |  1.9
Fighting       | 4 |  4.3
Axes           | 5 |  5.6
Dodging        | |  2.4
Stealth        | |  1.5

Action                     |  1- 3 |  4- 6 || total
---------------------------+-------+-------++-------
  Melee: Hand axe          |   140 |    39 ||   179
    Use: Scroll            |     5 |     2 ||     7
   Stab: Distracted        |     1 |       ||     1
 Armour: Robe              |     2 |       ||     2
         Ring mail         |    50 |     1 ||    51
         Scale mail        |       |    13 ||    13
  Dodge: Dodged            |   103 |    22 ||   125

Table legend: (Time is in decaauts)
 A = Elapsed time spent in this place.
 B = Non-inter-level travel time spent in this place.
 C = Inter-level travel time spent in this place.
 D = Time resting spent in this place.
 E = Time spent auto-exploring this place.
 F = Levels seen in this place.
 G = Mean time per level.
                   A        B        C        D        E       F      G
               +--------+--------+--------+--------+--------+-----+--------+
         Total |   2045 |   2017 |     28 |      2 |   1533 |   3 |  681.7 |
       Dungeon |   2045 |   2017 |     28 |      2 |   1533 |   3 |  681.7 |
               +--------+--------+--------+--------+--------+-----+--------+

Top non-repeatable levels by time:
     D:1: 1150 daAuts
     D:2: 568 daAuts
     D:3: 327 daAuts
